 Dungeon Crawl Stone Soup version 0.22.1-2-g9c5b331383 (webtiles) character file.

695 Gargoyl the Skirmisher (level 7, 0/96 HPs)
             Began as a Centaur Abyssal Knight on Nov 13, 2018.
             Was a Follower of Lugonu.
             Killed from afar by a raiju (4 damage)
             ... with a living lightning
             ... on level 1 of the Abyss.
             The game lasted 00:00:40 (106 turns).

Gargoyl the Skirmisher (Centaur Abyssal Knight)      Turns: 106, Time: 00:00:41

Health: 0/96       AC:  4    Str: 19    XL:     7   Next: 37%
Magic:  4/8        EV: 14    Int: 11    God:    Lugonu [*.....]
Gold:   0          SH:  0    Dex: 16    Spells: 6/6 levels left

rFire    . . .     SeeInvis .   a - +1 hand axe
rCold    . . .     Gourm    .   (no shield)
rNeg     . . .     Faith    .   b - +0 leather armour
rPois    .         Spirit   .   (no helmet)
rElec    .         Reflect  .   (no cloak)
rCorr    .         Harm     .   (no gloves)
MR       .....     Rnd*Rage +   (no barding)
Stlth    ..........             (no amulet)
HPRegen  0.26/turn              (no ring)
MPRegen  0.11/turn              (no ring)

@: agile, berserking (expiring), very quick
A: large, hooves 3, [berserk 1], deformed body, [deterioration 1], speed 2, [low
mp 1], tough skin 3
a: Depart the Abyss, Renounce Religion


You were on level 1 of the Abyss.
You worshipped Lugonu.
Lugonu was aware of your devotion.
You were not hungry.

You visited 0 branches of the dungeon, and saw 0 of its levels.
You visited the Abyss 1 time.

Inventory:

Hand Weapons
 a - a +1 hand axe (weapon)
Armour
 b - a +0 leather armour (worn)
Comestibles
 c - a ration


   Skills:
 + Level 6.8 Fighting
 + Level 3.5 Axes
 + Level 2.5 Armour
 + Level 0.9 Dodging
 + Level 3.3 Invocations


You had 6 spell levels left.
You didn't know any spells.
Your spell library was empty.

Dungeon Overview and Level Annotations

Branches:
Dungeon (0/15)

Altars:


Innate Abilities, Weirdness & Mutations

You have hooves in place of feet.
Armour fits poorly on your strangely shaped body.
You cover ground very quickly.
You have extremely tough skin. (AC +3)
[You tend to lose your temper in combat.]
[Your body sometimes deteriorates upon taking damage.]
[Your magical capacity is low. (-10% MP)]


Message History

Your Fighting skill gained 2 levels and is now at level 6!
Your Axes skill increases to level 3!
Your Armour skill increases to level 2!
Your Invocations skill increases to level 3!
You have reached level 5!
You have reached level 6!
Your experience leads to an increase in your attributes!
Your base attributes are Str 14, Int 11, Dex 10.
Increase (S)trength, (I)ntelligence, or (D)exterity?
You feel agile.
You have reached level 7!
The substance of the Abyss twists violently, and a gateway leading down You are too berserk!
You are too berserk!
You closely miss the raiju. Your kick misses the raiju.
Unknown command.
You slash the raiju! Your kick misses the raiju.
The raiju is moderately wounded.
The raiju bursts into living lightning!
The living lightning hits you!
You die...

#.. #.#.
.#.### #.
.## .#.
..## ...##/
X.#X# #..#
........w──
#. .
#...#.#####
. # .#.#. .
# #... #...
#.#. #
#.####.##
#. .###
#.§..#.# .
##### #h#
.. . . #
#@# ..##.#
#### . # .#
# .. # #. #
.#.. # # ##
.# .. ##
.#.#. # #
..# # . . #
. # ## #


You could see a raiju.

Vanquished Creatures
  A wretched star (Abyss:1)
  A wraith (Abyss:1)
2 creatures vanquished.

Vanquished Creatures (others)
  4 starspawn tentacles (Abyss:1)
4 creatures vanquished.

Grand Total: 6 creatures vanquished

Notes
Turn   | Place    | Note
-------+----------+-------------------------------------------
     0 | Abyss:1  | Gargoyl the Centaur Abyssal Knight began the quest for the
                  | Orb.
     0 | Abyss:1  | Reached XP level 1. HP: 19/19 MP: 2/2
    67 | Abyss:1  | Noticed a tentacled starspawn
    78 | Abyss:1  | Noticed a wraith
    82 | Abyss:1  | Noticed a wretched star
    84 | Abyss:1  | Noticed a raiju
    93 | Abyss:1  | Killed a wraith
    93 | Abyss:1  | Reached skill level 4 in Fighting
    93 | Abyss:1  | Reached XP level 2. HP: 14/28 MP: 3/3
    93 | Abyss:1  | Reached XP level 3. HP: 17/35 MP: 4/4
    93 | Abyss:1  | Reached XP level 4. HP: 20/41 MP: 5/5
   102 | Abyss:1  | HP: 2/61 [wretched star/orb of energy (20)]
   104 | Abyss:1  | Killed a wretched star
   104 | Abyss:1  | Reached skill level 6 in Fighting
   104 | Abyss:1  | Reached XP level 5. HP: 2/51 MP: 4/6
   104 | Abyss:1  | Reached XP level 6. HP: 3/58 MP: 4/7
   104 | Abyss:1  | Reached XP level 7. HP: 3/64 MP: 4/8
   106 | Abyss:1  | Killed from afar by a raiju

Skill      XL: |  1  2  3  4 |
---------------+-------------+-----
Fighting       | 4 6 |  6.8
Axes           | 2 3 |  3.5
Armour         | 2 |  2.5
Invocations    | 3 |  3.3
Dodging        | |  0.9

Action                   |  1- 3 |  4- 6 |  7- 9 || total
-------------------------+-------+-------+-------++-------
Melee: Hand axe          |     6 |    11 |     2 ||    19
       Kick              |     4 |     4 |       ||     8
  Use: Potion            |     1 |       |       ||     1
Dodge: Dodged            |     8 |     1 |       ||     9
